CLL
SALINAS FIRE FROGS @ RENO SILVER SOX
07/08/1982
 
TOP OF THE 1ST
Salinas Fire Frogs batting - Pitching for Reno Silver Sox : LHP Mike Morley
Pitching: LHP Mike Morley
Batting: RHB Bobby Morin 0-0: SINGLE (Groundball, 5S, EV 66.3 MPH) (infield hit)
Batting: RHB Carlos Urias 0-0: Ball
1-0: Ball
2-0: Ball
3-0: Called Strike
3-1: Foul Ball, location: 2F
3-2: Base on Balls
Bobby Morin to second
Batting: RHB Kevin Mitchell 0-0: Ball
1-0: Called Strike
1-1: Foul Ball, location: 2F
1-2: Foul Ball, location: 2F
1-2: Grounds into double play, 6-4-3 (Groundball, 6, EV 80.0 MPH)
Bobby Morin to third
Batting: RHB Bruce Morrison 0-0: Ball
1-0: Called Strike
1-1: Ground out 5-3 (Groundball, 56, EV 106.9 MPH)
Top of the 1st over - 0 runs, 1 hit, 0 errors, 1 left on base; Salinas 0 - Reno 0
BOTTOM OF THE 1ST
Reno Silver Sox batting - Pitching for Salinas Fire Frogs : RHP Vinnie Yuhas
Pitching: RHP Vinnie Yuhas
Batting: RHB Lemmie Miller 0-0: Bunt missed!
0-1: Ball
1-1: Ground out 6-3 (Groundball, 6, EV 90.0 MPH)
Batting: RHB Rod Hobbs 0-0: Called Strike
0-1: Ball
1-1: SINGLE (Groundball, 6M, EV 96.3 MPH)
Batting: LHB Victor Diaz 0-0: Called Strike
0-1: Ball
1-1: Ball
2-1: Foul Ball, location: 2F
2-2: Ball
Rod Hobbs steals 2nd base
3-2: Base on Balls
Batting: LHB Mike Hocutt 0-0: Ball
1-0: Foul Ball, location: 2F
1-1: Ball
2-1: Foul Ball, location: 2F
2-2: Strikes out swinging
Batting: RHB Luis Cabanas 0-0: Called Strike
0-1: Ball
1-1: Called Strike
1-2: Strikes out swinging
Bottom of the 1st over - 0 runs, 1 hit, 0 errors, 2 left on base; Salinas 0 - Reno 0
TOP OF THE 2ND
Salinas Fire Frogs batting - Pitching for Reno Silver Sox : LHP Mike Morley
Batting: LHB Kent Keiser 0-0: Called Strike
0-1: Ground out 5-3 (Groundball, 5, EV 105.6 MPH)
Batting: LHB Daryl Pitts 0-0: Foul Ball, location: 2F
0-1: Called Strike
0-2: Ground out 6-3 (Groundball, 6, EV 91.3 MPH)
Batting: RHB Bruce Seid 0-0: Foul Ball, location: 2F
0-1: Ground out 6-3 (Groundball, 6S, EV 88.1 MPH)
Top of the 2nd over - 0 runs, 0 hits, 0 errors, 0 left on base; Salinas 0 - Reno 0
BOTTOM OF THE 2ND
Reno Silver Sox batting - Pitching for Salinas Fire Frogs : RHP Vinnie Yuhas
Batting: RHB Bill Crone 0-0: Called Strike
0-1: Ball
1-1: Foul Ball, location: 2F
1-2: Reached on error, E5 (Groundball, 5S, EV 63.1 MPH)
Batting: RHB Eddie Brunson 0-0: Ball
1-0: Ball
2-0: Ball
3-0: Base on Balls
Bill Crone to second
Batting: LHB Gregory Shirley 0-0: Ball
1-0: Foul Ball, location: 2F
1-1: Ball
2-1: Ball
3-1: Base on Balls
Bill Crone to third
Eddie Brunson to second
Batting: LHB Andrew Timko 0-0: Ball
1-0: Ball
2-0: Foul Ball, location: 2F
2-1: Ball
3-1: Called Strike
3-2: Fielders Choice at 2nd, 4-6 (Groundball, 34D, EV 101.3 MPH)
Bill Crone scores
Eddie Brunson to third
Batting: RHB Lemmie Miller 0-0: Called Strike
0-1: Ball
1-1: Ball
Andrew Timko steals 2nd, throwing error, E2
Eddie Brunson scores
Andrew Timko to third
2-1: Swinging Strike
2-2: Strikes out swinging
Batting: RHB Rod Hobbs 0-0: Called Strike
0-1: Ball
1-1: Ball
2-1: Foul Ball, location: 2F
2-2: Ball
3-2: Fly out, F7 (Flyball, 78D, EV 83.1 MPH)
Bottom of the 2nd over - 2 runs, 0 hits, 2 errors, 1 left on base; Salinas 0 - Reno 2
TOP OF THE 3RD
Salinas Fire Frogs batting - Pitching for Reno Silver Sox : LHP Mike Morley
Batting: LHB Charles McGehee 0-0: Swinging Strike
0-1: Foul Ball, location: 2F
0-2: Ball
1-2: Strikes out swinging
Batting: RHB Roderick Shepard 0-0: Called Strike
0-1: Called Strike
0-2: Fly out, F8 (Flyball, 78M, EV 87.5 MPH)
Batting: RHB Bobby Morin 0-0: Ball
1-0: Foul Ball, location: 2F
1-1: Ground out 4-3 (Groundball, 4, EV 85.6 MPH)
Top of the 3rd over - 0 runs, 0 hits, 0 errors, 0 left on base; Salinas 0 - Reno 2
BOTTOM OF THE 3RD
Reno Silver Sox batting - Pitching for Salinas Fire Frogs : RHP Vinnie Yuhas
Batting: LHB Victor Diaz 0-0: Ball
1-0: Called Strike
1-1: Foul Ball, location: 2F
1-2: Strikes out swinging
Batting: LHB Mike Hocutt 0-0: Ball
1-0: Foul Ball, location: 2F
1-1: Swinging Strike
1-2: Ball
2-2: Fly out, F7 (Line Drive, 7D, EV 101.9 MPH)
Batting: RHB Luis Cabanas 0-0: Ball
1-0: Foul Ball, location: 2F
1-1: Ball
2-1: SINGLE (Line Drive, 4M, EV 98.1 MPH)
Batting: RHB Bill Crone 0-0: Called Strike
0-1: Foul Ball, location: 2F
0-2: Foul Ball, location: 2F
0-2: Fly out, F9 (Flyball, 9, EV 86.9 MPH)
Bottom of the 3rd over - 0 runs, 1 hit, 0 errors, 1 left on base; Salinas 0 - Reno 2
TOP OF THE 4TH
Salinas Fire Frogs batting - Pitching for Reno Silver Sox : LHP Mike Morley
Batting: RHB Carlos Urias 0-0: Ball
1-0: Foul Ball, location: 2F
1-1: Ball
2-1: SINGLE (Groundball, 56D, EV 94.4 MPH)
Batting: RHB Kevin Mitchell 0-0: Called Strike
0-1: Ball
1-1: Ball
2-1: Fly out, F8 (Flyball, 8LXD, EV 91.9 MPH)
Batting: RHB Bruce Morrison 0-0: Ball
1-0: Ball
2-0: Ball
3-0: Called Strike
3-1: Fly out, F8 (Flyball, 8LXD, EV 95.6 MPH)
Batting: LHB Kent Keiser 0-0: Fly out, F4 (Popup, 13S, EV 88.1 MPH)
Top of the 4th over - 0 runs, 1 hit, 0 errors, 1 left on base; Salinas 0 - Reno 2
BOTTOM OF THE 4TH
Reno Silver Sox batting - Pitching for Salinas Fire Frogs : RHP Vinnie Yuhas
Batting: RHB Eddie Brunson 0-0: Ball
1-0: Ball
2-0: Called Strike
2-1: Foul Ball, location: 2F
2-2: Strikes out swinging
Batting: LHB Gregory Shirley 0-0: Fly out, F9 (Flyball, 9D, EV 101.9 MPH)
Batting: LHB Andrew Timko 0-0: Foul Ball, location: 2F
0-1: Ball
1-1: Ball
2-1: Ball
3-1: Foul Ball, location: 2F
3-2: Base on Balls
Batting: RHB Lemmie Miller 0-0: Ball
1-0: Ground out 4-3 (Groundball, 4, EV 83.8 MPH)
Bottom of the 4th over - 0 runs, 0 hits, 0 errors, 1 left on base; Salinas 0 - Reno 2
TOP OF THE 5TH
Salinas Fire Frogs batting - Pitching for Reno Silver Sox : LHP Mike Morley
Batting: LHB Daryl Pitts 0-0: Ball
1-0: SINGLE (Line Drive, 78M, EV 93.1 MPH)
Batting: RHB Bruce Seid 0-0: Swinging Strike
0-1: Called Strike
0-2: Ball
1-2: Ball
2-2: Fielders Choice at 2nd, 1-6 (Groundball, 34S, EV 64.4 MPH)
Batting: LHB Charles McGehee 0-0: Ball
1-0: Ball
2-0: Swinging Strike
2-1: SINGLE (Line Drive, 9S, EV 106.3 MPH)
Bruce Seid to second
Batting: RHB Roderick Shepard 0-0: Ball
Bruce Seid steals 3rd base
Charles McGehee to second
1-0: Foul Ball, location: 2F
1-1: Foul Ball, location: 2F
1-2: Ball
2-2: Ground out 5-3 (Groundball, 56, EV 110.0 MPH)
Bruce Seid scores
Batting: RHB Bobby Morin 0-0: Called Strike
0-1: Ground out 6-3 (Groundball, 6, EV 101.3 MPH)
Top of the 5th over - 1 run, 2 hits, 0 errors, 1 left on base; Salinas 1 - Reno 2
BOTTOM OF THE 5TH
Reno Silver Sox batting - Pitching for Salinas Fire Frogs : RHP Vinnie Yuhas
Batting: RHB Rod Hobbs 0-0: Fly out, F8 (Line Drive, 8RD, EV 97.5 MPH)
Batting: LHB Victor Diaz 0-0: Ball
1-0: Ball
2-0: Ball
3-0: Base on Balls
Batting: LHB Mike Hocutt 0-0: Foul Ball, location: 2F
0-1: Ball
1-1: Ball
2-1: Fly out, F9 (Flyball, 9LM, EV 96.9 MPH)
Batting: RHB Luis Cabanas 0-0: Ball
Victor Diaz is caught stealing 2nd base 2-4
Bottom of the 5th over - 0 runs, 0 hits, 0 errors, 0 left on base; Salinas 1 - Reno 2
TOP OF THE 6TH
Salinas Fire Frogs batting - Pitching for Reno Silver Sox : LHP Mike Morley
Batting: RHB Carlos Urias 0-0: Called Strike
0-1: SINGLE (Groundball, 4M, EV 89.4 MPH) (infield hit)
Batting: RHB Kevin Mitchell 0-0: Foul Ball, location: 2F
0-1: Ball
1-1: Ball
2-1: Grounds into double play, 5-4-3 (Groundball, 56S, EV 88.1 MPH)
Batting: RHB Bruce Morrison 0-0: Ball
1-0: Ball
2-0: Ball
3-0: Foul Ball, location: 2F
3-1: Called Strike
3-2: SINGLE (Groundball, 4MD, EV 80.6 MPH) (infield hit)
Batting: LHB Kent Keiser 0-0: Ball
1-0: Called Strike
1-1: SINGLE (Line Drive, 8RS, EV 103.8 MPH)
Bruce Morrison to second
Runner from 2nd tries for 3rd, SAFE, no throw by CF
Batting: LHB Daryl Pitts 0-0: Ball
1-0: Ball
2-0: Called Strike
2-1: Foul Ball, location: 2F
2-2: SINGLE (Groundball, 25, EV 63.1 MPH) (infield hit)
Bruce Morrison scores
Kent Keiser to second
Batting: RHB Bruce Seid 0-0: Called Strike
0-1: Ball
1-1: Ball
2-1: Foul Ball, location: 2F
2-2: Ball
3-2: Foul Ball, location: 2F
3-2: Foul Ball, location: 2F
3-2: Base on Balls
Kent Keiser to third
Daryl Pitts to second
Batting: LHB Charles McGehee 0-0: Ball
1-0: Ball
2-0: Ground out U3 (Groundball, 34S, EV 87.5 MPH)
Top of the 6th over - 1 run, 4 hits, 0 errors, 3 left on base; Salinas 2 - Reno 2
BOTTOM OF THE 6TH
Reno Silver Sox batting - Pitching for Salinas Fire Frogs : RHP Vinnie Yuhas
Batting: RHB Luis Cabanas 0-0: Called Strike
0-1: SINGLE (Groundball, 34D, EV 105.6 MPH)
Batting: RHB Bill Crone 0-0: Bunt missed!
0-1: Ball
1-1: Bunted foul
1-2: Ball
2-2: Fly out, F5 (Flyball, 5D, EV 95.0 MPH)
Batting: RHB Eddie Brunson 0-0: Swinging Strike
0-1: Foul Ball, location: 2F
0-2: Grounds into double play, 4-6-3 (Groundball, 4, EV 87.5 MPH)
Bottom of the 6th over - 0 runs, 1 hit, 0 errors, 0 left on base; Salinas 2 - Reno 2
TOP OF THE 7TH
Salinas Fire Frogs batting - Pitching for Reno Silver Sox : LHP Mike Morley
Batting: RHB Roderick Shepard 0-0: Ball
1-0: Ball
2-0: Fly out, F8 (Line Drive, 8RD, EV 99.4 MPH)
Batting: RHB Bobby Morin 0-0: Ball
1-0: Ball
2-0: Called Strike
2-1: Called Strike
2-2: Ball
3-2: Base on Balls
Batting: RHB Carlos Urias 0-0: Ball
1-0: Ball
2-0: Ground out U3 (Groundball, 34S, EV 81.9 MPH)
Bobby Morin to second
Batting: RHB Kevin Mitchell 0-0: Ball
1-0: DOUBLE (Line Drive, 7LM, EV 111.9 MPH)
Bobby Morin scores
Batting: RHB Bruce Morrison 0-0: Ball
1-0: Ball
2-0: Ball
3-0: Called Strike
3-1: Foul Ball, location: 2RF, Error on foul ball, E2
3-2: Ground out 1-3 (Groundball, 15S, EV 68.1 MPH)
Top of the 7th over - 1 run, 1 hit, 1 error, 1 left on base; Salinas 3 - Reno 2
BOTTOM OF THE 7TH
Reno Silver Sox batting - Pitching for Salinas Fire Frogs : RHP Vinnie Yuhas
Batting: LHB Gregory Shirley 0-0: Ground out 5-3 (Groundball, 56, EV 88.8 MPH)
Batting: LHB Andrew Timko 0-0: Ball
1-0: Called Strike
1-1: Ball
2-1: Fly out, F8 (Flyball, 78D, EV 76.3 MPH)
Batting: RHB Lemmie Miller 0-0: Called Strike
0-1: Ball
1-1: Ball
2-1: Ball
3-1: Swinging Strike
3-2: Fly out, F7 (Flyball, 78D, EV 103.1 MPH)
Bottom of the 7th over - 0 runs, 0 hits, 0 errors, 0 left on base; Salinas 3 - Reno 2
TOP OF THE 8TH
Salinas Fire Frogs batting - Pitching for Reno Silver Sox : LHP Mike Morley
Batting: LHB Kent Keiser 0-0: Called Strike
0-1: Foul Ball, location: 2F
0-2: Foul Ball, location: 2F
0-2: Foul Ball, location: 2F
0-2: DOUBLE (Line Drive, 89D, EV 105.0 MPH)
Batting: LHB Daryl Pitts 0-0: Ball
1-0: Ball
2-0: Called Strike
2-1: Called Strike
2-2: Fly out, F9 (Flyball, 9, EV 75.0 MPH)
Batting: RHB Bruce Seid 0-0: Called Strike
0-1: Ball
1-1: Ball
2-1: Swinging Strike
2-2: Ground out 6-3 (Groundball, 56D, EV 98.8 MPH)
Batting: LHB Charles McGehee 0-0: Called Strike
0-1: Ball
1-1: Ball
2-1: Foul Ball, location: 2F
2-2: Foul Ball, location: 2F
2-2: Ground out 1-3 (Groundball, 34S, EV 69.4 MPH)
Top of the 8th over - 0 runs, 1 hit, 0 errors, 1 left on base; Salinas 3 - Reno 2
BOTTOM OF THE 8TH
Reno Silver Sox batting - Pitching for Salinas Fire Frogs : RHP Vinnie Yuhas
Batting: RHB Rod Hobbs 0-0: Fly out, F6 (Popup, 6MS, EV 60.6 MPH)
Batting: LHB Victor Diaz 0-0: Foul Ball, location: 2F
0-1: Called Strike
0-2: Foul Ball, location: 2F
0-2: Foul Ball, location: 2F
0-2: Foul Ball, location: 2F
0-2: Foul Ball, location: 2F
0-2: SINGLE (Flyball, 56D, EV 81.9 MPH)
Batting: LHB Mike Hocutt 0-0: Called Strike
0-1: Ball
1-1: Fielders Choice at 2nd, 5-4 (Groundball, 5D, EV 86.9 MPH)
Batting: RHB Luis Cabanas 0-0: Ball
1-0: Reached on error, E2 (Groundball, 15S, EV 61.3 MPH)
Mike Hocutt to third
Batting: RHB Bill Crone 0-0: Ball
1-0: Ball
2-0: Ball
3-0: Called Strike
3-1: Swinging Strike
3-2: Base on Balls
Batting: RHB Eddie Brunson 0-0: DOUBLE (Line Drive, 9LS, EV 110.0 MPH)
Mike Hocutt scores
Luis Cabanas scores
Bill Crone to third
Runner from 3rd tries for Home, SAFE, throw by RF to home
Batting: LHB Gregory Shirley 0-0: Ball
1-0: Ball
2-0: Ball
3-0: Called Strike
3-1: Fly out, F8 (Line Drive, 8LD, EV 85.6 MPH)
Bottom of the 8th over - 3 runs, 2 hits, 1 error, 1 left on base; Salinas 3 - Reno 5
TOP OF THE 9TH
Salinas Fire Frogs batting - Pitching for Reno Silver Sox : LHP Mike Morley
Pitching: LHP Mike Thompson
Batting: RHB Roderick Shepard 0-0: Ground out 1-3 (Groundball, 34S, EV 69.4 MPH)
Batting: RHB Bobby Morin 0-0: Ball
1-0: Called Strike
1-1: SINGLE (Line Drive, 8LS, EV 101.3 MPH)
Batting: RHB Carlos Urias 0-0: Ball
1-0: SINGLE (Line Drive, 7LS, EV 99.4 MPH)
Bobby Morin to second
Batting: RHB Kevin Mitchell 0-0: Foul Ball, location: 2F
0-1: Fly out, F7 (Flyball, 78D, EV 86.9 MPH)
Batting: RHB Bruce Morrison 0-0: Called Strike
0-1: Called Strike
0-2: Ball
1-2: Ball
2-2: Fly out, F9 (Flyball, 9LM, EV 97.5 MPH)
Top of the 9th over - 0 runs, 2 hits, 0 errors, 2 left on base; Salinas 3 - Reno 5
Thursday, August 13th, 2020 - OOTP Baseball 21.5 Build 76